 Dungeon Crawl Stone Soup version 0.31-a0-200-gbc41564c69 (webtiles) character file.

Game seed: 991586384626779077

129 qw the Skirmisher (level 4, -4/25 HPs)
             Began as a Deep Elf Hunter on June 25, 2023.
             Killed by divine providence
             ... invoked by an orc priest
              (12 damage)
             ... on level 3 of the Dungeon.
             The game lasted 00:00:45 (1779 turns).

qw the Skirmisher (Deep Elf Hunter)                 Turns: 1779, Time: 00:00:46

Health: -4/25      AC:  7    Str: 10    XL:     4   Next: 88%
Magic:  6/6        EV: 11    Int: 14    God:
Gold:   60         SH:  0    Dex: 18    Spells: 3/3 levels left

rFire   . . .        Y - +0 shortbow
rCold   . . .        (shield currently unavailable)
rNeg    . . .        m - +0 ring mail
rPois   .            j - +0 helmet
rElec   .            (no cloak)
rCorr   .            (no gloves)
SInv    .            h - +0 pair of boots
Will    .....        i - amulet of faith
Stlth   +            (no ring)
HPRegen 0.24/turn    (no ring)
MPRegen 0.10/turn

%: faith
@: no status effects
A: no striking features
a: no special abilities


You were on level 3 of the Dungeon.
You visited 1 branch of the dungeon, and saw 3 of its levels.

You collected 160 gold pieces.
You spent 100 gold pieces at shops.


   Skills:
 - Level 1.5 Fighting
 + Level 8.3 Ranged Weapons
 - Level 2.4 Dodging
 - Level 1.2 Stealth


You had 3 spell levels left.
You didn't know any spells.
Your spell library was empty.

Inventory:

Hand Weapons
 Y - a +0 shortbow (weapon)
Armour
 d - a +3 leather armour of poison resistance
 h - a +0 pair of boots (worn)
 j - a +0 helmet (worn)
 m - a +0 ring mail (worn)
Jewellery
 i - an amulet of faith (around neck)
 k - an amulet of regeneration
Scrolls
 a - 4 scrolls of identify
 b - a scroll of enchant armour {unknown}
 e - a scroll of fear {unknown}
 f - a scroll of revelation {unknown}
 l - a scroll of noise {unknown}
 n - a scroll of brand weapon {unknown}
Potions
 c - a potion of ambrosia {unknown}
 g - a potion of curing {unknown}

Dungeon Overview and Level Annotations

Branches:
Dungeon (3/15)

Altars:
Fedhas
Xom
Yredelemnul

Shops:
D:3 [


Message History

You shoot an arrow. The arrow hits the orc.
You kill the orc!
The orc hits you but does no damage.
You shoot an arrow. The arrow closely misses the orc.
The orc hits you but does no damage.
You shoot an arrow. The arrow hits the orc.
The orc is moderately wounded.
The orc hits you but does no damage. x2
You shoot an arrow.
The arrow hits the orc but does no damage.
The orc is moderately wounded.
The orc hits you with a +2 mace of protection.
You shoot an arrow.
The arrow hits the orc but does no damage.
The orc is moderately wounded.
The orc hits you but does no damage.
You shoot an arrow. The arrow barely misses the orc.
The orc barely misses you.
You shoot an arrow. The arrow barely misses the orc.
The orc barely misses you.
You shoot an arrow. The arrow barely misses the orc.
The orc misses you.
You shoot an arrow. The arrow hits the orc.
You kill the orc!
You shoot an arrow. The arrow hits the dart slug.
The dart slug is lightly wounded.
The dart slug bites you but does no damage.
You shoot an arrow. The arrow hits the dart slug!
You kill the dart slug!
You shoot an arrow. The arrow hits the orc priest.
The orc priest is lightly wounded.
The orc priest hits you but does no damage.
You shoot an arrow. The arrow hits the orc priest.
The orc priest is lightly wounded.
The orc priest barely misses you. The orc priest closely misses you.
You shoot an arrow. The arrow hits the orc priest.
The orc priest is moderately wounded.
The orc priest invokes the aid of Beogh against you.
Beogh smites you!
You die...

### ### ... ..#
._ #.# .o ####.#
#w #..#.#
#.###....##
#.#@#.....#
#.o)......#
#......(######.#
#.#####.# #.#
#.# #.# #.# #.#
#.# ####.####
#.# #.......#
..# #.##.##.#


You could see an orc priest.

Vanquished Creatures
  Terence (D:1)
  4 adders
  A worm (D:3)
  7 dart slugs
  3 orcs (D:3)
  3 bats
  2 endoplasms (D:1)
  2 giant cockroaches (D:1)
  4 goblins
  8 hobgoblins
  3 ball pythons
  2 frilled lizards (D:1)
  4 kobolds
  6 rats
50 creatures vanquished.

Notes
Turn   | Place    | Note
-------+----------+-------------------------------------------
     0 | D:1      | qw the Deep Elf Hunter began the quest for the Orb.
     0 | D:1      | Reached XP level 1. HP: 12/12 MP: 3/3
     0 | D:1      | 0 ||| qw: Version: 0.3-a-22-g0ed2b0b
     0 | D:1      | 0 ||| qw: Game counter: 5668
     0 | D:1      | 0 ||| qw: Melee chars always use a shield: true
     0 | D:1      | 0 ||| qw: God list: Okawaru
     0 | D:1      | 0 ||| qw: Allow faded altars: false
     0 | D:1      | 0 ||| qw: Do Orc after clearing Dungeon:15 true
     0 | D:1      | 0 ||| qw: Do second Lair branch before Depths: true
     0 | D:1      | 0 ||| qw: Lair rune preference: random
     0 | D:1      | 0 ||| qw: Goals: Normal
     0 | D:1      | 0 ||| PLANNING D:1-11
   110 | D:1      | Reached skill level 6 in Ranged Weapons
   110 | D:1      | Reached XP level 2. HP: 16/16 MP: 4/4
   308 | D:1      | 308 ||| FLEEEEING.
   309 | D:1      | 309 ||| FLEEEEING.
   456 | D:1      | 456 ||| UPGRADING to +0 pair of boots.
   461 | D:1      | 461 ||| UPGRADING to +0 helmet.
   466 | D:1      | 466 ||| UPGRADING to +0 ring mail.
   476 | D:1      | 476 ||| DROPPING +0 leather armour.
   477 | D:1      | 477 ||| UPGRADING to amulet of regeneration.
   482 | D:1      | 482 ||| READING 2 scrolls labelled WOCLY BIUV.
   483 | D:1      | 483 ||| READING scroll labelled XEIGOI PILYODD.
   487 | D:1      | 487 ||| READING scroll labelled QOTUMO TAYGEN.
   488 | D:1      | 488 ||| DROPPING scroll of butterflies.
   510 | D:2      | Noticed Terence
   515 | D:2      | 515 ||| STAIRDANCE
   518 | D:1      | HP: 4/16 [Terence/+0 hand axe (5)]
   522 | D:1      | Killed Terence
   523 | D:1      | Reached skill level 7 in Ranged Weapons
   523 | D:1      | Reached XP level 3. HP: 7/20 MP: 5/5
   524 | D:1      | HP: 5/20 [hobgoblin (4)]
   612 | D:2      | Found a shimmering altar of Xom.
   748 | D:2      | Reached XP level 4. HP: 25/25 MP: 6/6
  1327 | D:2      | 1327 ||| DROPPING amulet of the acrobat.
  1328 | D:2      | 1328 ||| UPGRADING to amulet of faith.
  1338 | D:2      | 1338 ||| DROPPING +6 ring of intelligence.
  1339 | D:2      | 1339 ||| DRINKING 2 sapphire potions.
  1340 | D:2      | 1340 ||| READING 2 scrolls of identify.
  1340 | D:2      | 1340 ||| IDENTIFYING red potion
  1341 | D:2      | 1341 ||| DROPPING potion of brilliance.
  1362 | D:3      | Found a blossoming altar of Fedhas.
  1409 | D:3      | Reached skill level 8 in Ranged Weapons
  1434 | D:3      | HP: 6/25 [poisoned by an adder]
  1435 | D:3      | 1435 ||| READING scroll of teleportation.
  1436 | D:3      | 1436 ||| DRINKING potion of heal wounds.
  1493 | D:3      | Found Buzoxaec's Antique Armour Shop.
  1500 | D:3      | 1500 ||| BUYING dyed leather armour (100 gold).
  1500 | D:3      | Bought a dyed leather armour for 100 gold pieces
  1500 | D:3      | 1500 ||| SHOPLISTING pair of embroidered boots (150 gold,
                  | have 33).
  1500 | D:3      | 1500 ||| SHOPLISTING shiny ring mail (140 gold, have 33).
  1752 | D:3      | Found a basalt altar of Yredelemnul.
  1756 | D:3      | 1756 ||| Stepping ~*~*~tactically~*~*~ (outnumbered).
  1769 | D:3      | HP: 5/25 [orc/+2 mace of protection (6)]
  1779 | D:3      | Killed from afar by an orc priest

Levels and vault maps discovered:
D:1:      dpeg_arrival_shrine, layout_rooms
D:2:      layout_basic, basic_altar, uniq_terence
D:3:      layout_loops_cross, general_overflow_altar,
          mainiacjoe_overflow_alcove_2, serial_shops, shop, nicolae_shop_stone,
          nicolae_shop_tiny_real_fake_doors

Skill      XL: |  1  2  3  4 |
---------------+-------------+-----
Ranged Weapons | 6 7 8 |  8.3
Fighting       | |  1.5
Dodging        | |  2.4
Stealth        | |  1.2

Action                     |  1- 3 |  4- 6 || total
---------------------------+-------+-------++-------
   Fire: Shortbow          |    79 |    86 ||   165
    Use: Scroll            |     3 |     2 ||     5
         Potion            |       |     2 ||     2
 Armour: Leather armour    |     2 |       ||     2
         Ring mail         |     6 |    17 ||    23
  Dodge: Dodged            |    16 |    29 ||    45

Table legend:
 A = Non-vault XP
 B = Vault XP
 C = Vault XP percentage of total XP
 D = Non-vault monster count
 E = Vault monster count
 F = Vault count percentage of total count
                 A         B        C        D         E       F
            +---------+---------+-------+---------+---------+-------
      Total |     149 |      36 |  19.5 |      49 |       1 |   2.0
            +---------+---------+-------+---------+---------+-------
        D:1 |      40 |      36 |  47.4 |      23 |       1 |   4.2
        D:2 |      44 |       0 |   0.0 |      14 |       0 |   0.0
        D:3 |      65 |       0 |   0.0 |      12 |       0 |   0.0
            +---------+---------+-------+---------+---------+-------
